 Dungeon Crawl Stone Soup version 0.28-a0-429-g1448048969 (webtiles) character file.

Game seed: 6693128985691018408

49 Sabo the Skirmisher (level 3, -4/33 HPs)
             Began as a Ghoul Monk on Sept 11, 2021.
             Was a Priest of Sif Muna.
             Slain by a goblin (5 damage)
             ... led by Robin
             ... on level 2 of the Dungeon.
             The game lasted 00:06:22 (1775 turns).

Sabo the Skirmisher (Ghoul Monk)                    Turns: 1775, Time: 00:06:23

Health: -4/33      AC:  2    Str: 15    XL:     3   Next: 77%
Magic:  2/2        EV: 12    Int:  5    God:    Sif Muna [***...]
Gold:   24         SH:  0    Dex: 11    Spells: 2/2 levels left

rFire   . . .      SeeInvis .   d - +3 dagger
rCold   + . .      Faith    .   (no shield)
rNeg    + + +      Spirit   .   b - +0 robe
rPois   ∞          Reflect  .   (no helmet)
rElec   .          Harm     .   (no cloak)
rCorr   .          Rampage  .   (no gloves)
Will    .....                   (no boots)
Stlth   ++........              (no amulet)
HPRegen 0.00/turn               (no ring)
MPRegen 0.08/turn               (no ring)

@: inhibited regen
A: claws 1, cold resistance 1, negative energy resistance 3, inhibited
regeneration, torment resistance 2
a: Renounce Religion, Channel Magic, Forget Spell


You were on level 2 of the Dungeon.
You worshipped Sif Muna.
Sif Muna was most pleased with you.
You visited 1 branch of the dungeon, and saw 2 of its levels.

You collected 24 gold pieces.

Inventory:

Hand Weapons
 a - a +0 hand axe
 d - a +3 dagger (weapon)
Missiles
 f - 14 sling bullets
 g - 25 arrows
Armour
 b - a +0 robe (worn)
Scrolls
 c - a scroll of vulnerability {unknown}
 e - a scroll of fog {unknown}
Potions
 h - a potion of magic {unknown}


   Skills:
 + Level 3.7 Fighting
 + Level 0.7 Short Blades
 + Level 3.1 Axes
 + Level 3.2 Dodging
 + Level 2.6 Stealth


You had 2 spell levels left.
You didn't know any spells.
Your spell library contained the following spells:

 Spells                   Type           Power      Damage    Failure   Level
 Summon Forest            Summ/Tloc      0%         N/A       100%        5
 Summon Mana Viper        Hex/Summ       0%         N/A       100%        5
 Summon Cactus Giant      Summ           0%         N/A       100%        6


Dungeon Overview and Level Annotations

Branches:
Dungeon (2/15)

Altars:
Sif Muna

Annotations:
D:2 Robin


Innate Abilities, Weirdness & Mutations

You thrive by killing the living.
You are immune to poison.
You have sharp fingernails.
Your flesh is cold resistant. (rC+)
You are immune to negative energy. (rN+++)
You do not regenerate when monsters are visible.
You are immune to unholy pain and torment.


Message History

A goblin comes into view. It is wielding a +0 dagger.
The goblin barely misses you. The goblin hits you with a +0 club.
The goblin misses you. The goblin barely misses you.
You hit the goblin.
You kill the goblin!
Sif Muna accepts your kill.
You feel better.
The goblin hits you but does no damage. x2
The goblin hits you with a +0 club.
You closely miss the goblin. The goblin closely misses you.
The goblin barely misses you. The goblin closely misses you.
The goblin hits you with a +0 club.
You barely miss the goblin. The goblin hits you with a +0 dagger.
The goblin misses you. The goblin barely misses you. x2
You miss the goblin. The goblin misses you. x2
The goblin hits you but does no damage. The goblin barely misses you.
You hit the goblin.
You kill the goblin!
Sif Muna accepts your kill. The goblin hits you with a +0 dagger.
The goblin barely misses you. The goblin hits you with a +0 club.
* * * LOW HITPOINT WARNING * * *
You hit the goblin.
The goblin is heavily wounded.
The goblin hits you with a +0 dagger.
* * * LOW HITPOINT WARNING * * *
The goblin hits you but does no damage. The goblin barely misses you.
The goblin hits you but does no damage.
You completely miss the goblin.
The goblin is heavily wounded.
The goblin barely misses you. The goblin hits you with a +0 club.
* * * LOW HITPOINT WARNING * * *
The goblin hits you but does no damage. The goblin barely misses you.
You hit the goblin.
The goblin is severely wounded.
The goblin hits you with a +0 dagger.
* * * LOW HITPOINT WARNING * * *
The goblin hits you with a +0 club.
* * * LOW HITPOINT WARNING * * *
The goblin hits you with a +0 club.
You die...

######### #.......#
#.......### ###
#####.........#######
..#
#.....##..g..g.......
..#
#........gg###.......
..#
#.....####g@gg..###.
..# #.....#
##g####..# ..#
#.....##...# .... ..#
#........#.## ..##
..# ######...#..# ..#
..# #>.....##.##
##.... ###
###.####.##..##... #
####...# #.#......#
###....### #...##..#


You could see Robin, a hobgoblin (strong) and 5 goblins.

Vanquished Creatures
  A gnoll (D:1)
  An adder (D:2)
  A dart slug (D:2)
  A ball python (D:1)
  2 endoplasms
  A giant cockroach (D:2)
  6 goblins
  A hobgoblin (D:1)
  2 jackals (D:1)
  3 kobolds (D:1)
  A quokka (D:2)
  4 bats
  2 frilled lizards (D:1)
  2 rats (D:1)
28 creatures vanquished.

Notes
Turn   | Place    | Note
-------+----------+-------------------------------------------
     0 | D:1      | Sabo the Ghoul Monk began the quest for the Orb.
     0 | D:1      | Reached XP level 1. HP: 19/19 MP: 0/0
   223 | D:1      | Reached XP level 2. HP: 24/26 MP: 1/1
   913 | D:1      | Reached XP level 3. HP: 6/31 MP: 2/2
  1298 | D:2      | Found a faded altar of an unknown god.
  1306 | D:2      | Became a worshipper of Sif Muna the Loreminder
  1306 | D:2      | Reached * piety under Sif Muna
  1306 | D:2      | Reached ** piety under Sif Muna
  1734 | D:2      | Reached *** piety under Sif Muna
  1759 | D:2      | Noticed Robin
  1775 | D:2      | HP: 1/33 [goblin[Robin] (2)]
  1775 | D:2      | Slain by a goblin

Illustrated notes

Levels and vault maps discovered:
D:1:      dpeg_arrival_pits, layout_basic, hangedman_decor_lopped
D:2:      layout_rooms, ebering_ecumenical_altar_mist, hangedman_glass_teeth,
          uniq_robin

Skill      XL: |  1  2 |
---------------+-------+-----
Axes           | 3 |  3.1
Dodging        | 3 |  3.2
Fighting       | |  3.7
Short Blades   | |  0.7
Stealth        | |  2.6

Action                   || total
-------------------------++-------
Melee: Dagger            ||    95
       Hand axe          ||     8
 Stab: Sleeping          ||     3
Armor: Robe              ||    26
Dodge: Dodged            ||    96

Table legend: (Time is in decaauts)
 A = Elapsed time spent in this place.
 B = Non-inter-level travel time spent in this place.
 C = Inter-level travel time spent in this place.
 D = Time resting spent in this place.
 E = Time spent auto-exploring this place.
 F = Levels seen in this place.
 G = Mean time per level.
                   A        B        C        D        E       F      G
               +--------+--------+--------+--------+--------+-----+--------+
         Total |   1774 |   1774 |      0 |    544 |      0 |   2 |  887.0 |
       Dungeon |   1774 |   1774 |      0 |    544 |      0 |   2 |  887.0 |
               +--------+--------+--------+--------+--------+-----+--------+

Top non-repeatable levels by time:
     D:1: 1298 daAuts
     D:2: 475 daAuts
